 Dungeon Crawl Stone Soup version 0.19-a0-347-g6bb00b2 (webtiles) character file.

893 namelastname112 the Magician (level 7, 0/40 HPs)
             Began as a Deep Elf Wizard on May 29, 2016.
             Killed from afar by an orc wizard (10 damage)
             ... with a magic dart
             ... on level 5 of the Dungeon.
             The game lasted 00:12:51 (5084 turns).

namelastname112 the Magician (Deep Elf Wizard)      Turns: 5084, Time: 00:12:52

Health: 0/40       AC:  3    Str:  4    XL:     7   Next: 78%
Magic:  3/28       EV: 14    Int: 25    God:
Gold:   326        SH:  0    Dex: 13    Spells: 5 memorised, 8 levels left

rFire  . . .     SeeInvis .     u - +3 rapier
rCold  . . .     Gourm    .     a - +0 robe
rNeg   . . .     Faith    .     (no shield)
rPois  +         Spirit   .     b - +0 hat
rElec  .         Dismiss  .     i - +0 cloak
rCorr  .         Reflect  .     (no gloves)
SustAt .         Harm     .     (no boots)
MR     .....                    (no amulet)
Stlth  ++........               k - ring of magical power
                                n - ring of poison resistance

@: repel missiles, not resistant to hostile enchantments, unstealthy
A: no striking features
a: no special abilities


You were on level 5 of the Dungeon.
You were not hungry.

You visited 1 branch of the dungeon, and saw 5 of its levels.
You also visited: Ossuary.

You collected 326 gold pieces.

Inventory:

Hand Weapons
 u - a +3 rapier (weapon)
Armour
 a - a +0 robe (worn)
 b - a +0 hat (worn)
 i - a +0 cloak (worn)
Jewellery
 k - a ring of magical power (right hand)
 n - a ring of poison resistance (left hand)
Scrolls
 l - a scroll of magic mapping {unknown}
 m - 2 scrolls of fog
 o - 2 scrolls of immolation {unknown}
 p - a scroll of recharging {unknown}
 q - a scroll of amnesia {unknown}
 t - 2 scrolls of noise {unknown}
 v - 2 scrolls of identify
 w - 2 scrolls of blinking {unknown}
 x - 2 scrolls of teleportation {unknown}
 y - a scroll of remove curse
Potions
 e - 2 potions of curing
 f - 2 potions of flight
 h - a potion of lignification
 j - 2 potions of heal wounds {unknown}
 r - a potion of resistance {unknown}
 s - 2 potions of experience {unknown}
 B - 2 potions of brilliance {unknown}
Books
 c - a book of Minor Magic

   Spells                             Type                      Level
   a - Magic Dart                     Conjuration                  1
   b - Blink                          Translocation                2
   c - Call Imp                       Summoning                    2
   d - Repel Missiles                 Charms/Air                   2
   e - Slow                           Hexes                        2
   f - Conjure Flame                  Conjuration/Fire             3
   g - Mephitic Cloud                 Conjuration/Poison/Air       3
Comestibles
 d - 2 bread rations
 z - 2 chunks of flesh
 A - a meat ration


   Skills:
 + Level 2.8 Fighting
 + Level 5.0 Dodging
 - Level 2.4 Stealth
 + Level 6.7 Spellcasting
 * Level 6.5 Conjurations
   Level 1.1 Summonings
 - Level 1.1 Translocations


You had 8 spell levels left.
You knew the following spells:

 Your Spells              Type           Power        Failure   Level  Hunger
a - Repel Missiles        Chrm/Air       #.....       12%         2    None
c - Conjure Flame         Conj/Fire      ###.....     8%          3    None
s - Mephitic Cloud        Conj/Pois/Air  ###.....     12%         3    None
x - Blink                 Tloc           N/A          10%         2    None
z - Magic Dart            Conj           ####         1%          1    None


Dungeon Overview and Level Annotations

Branches:
Dungeon (5/15)
 Temple: D:4-7

Altars:
Fedhas
Gozag
Kikubaaqudgha
The Shining One


Message History

The hound barely misses you. The hound bites you.
You take 3 damage, and have 17/40 hp.
You now have 3/28 mp.
Casting: Magic Dart
Confirm with . or Enter, or press ? or * to list all spells.
Aiming: Magic Dart
Press: ? - help, Shift-Dir - straight line, f/p - hound
Aim: a hound (almost dead)
The magic dart hits the hound.
You kill the hound!
The orc wizard casts a spell at you. The magic dart hits you!
* * * LOW HITPOINT WARNING * * *
You take 6 damage, and have 11/40 hp.
You now have 2/28 mp.
The orc wizard points at you and mumbles some strange words.
The magic dart hits you!
* * * LOW HITPOINT WARNING * * *
You take 2 damage, and have 10/40 hp.
The orc wizard points at you and mumbles some strange words.
The magic dart hits you!
You die...

######## #.g.gg.#
#o####.# #.####.#
#@#...§###########
#.#.#.............
#.#.##.###########
#......# ##
###...### #.
#.......# #.
#.......# ##.
#.......#########..
####.§.####.........


You could see an orc wizard and a gnoll.

Vanquished Creatures
  Menkaure (D:4)
  A water moccasin (D:5)
  A centaur (D:4)
  A howler monkey (D:4)
  2 hounds
  2 orc priests
  4 orc wizards
  A centaur skeleton (D:5)
  A worker ant (D:4)
  A hound skeleton (D:4)
  3 mummies (Ossuary)
  11 gnolls (D:5)
  6 adder zombies
  5 worms
  3 dart slugs
  2 giant geckos (D:1)
  15 orcs
  A bat zombie (D:1)
  3 giant cockroaches
  2 gnoll zombies (Ossuary)
  5 goblins
  2 hobgoblins
  7 jackals
  2 quokkas
  A ball python (D:1)
  7 bats
  2 giant newts
  3 goblin zombies (Ossuary)
  3 hobgoblin zombies (Ossuary)
  7 kobolds
  2 kobold zombies (Ossuary)
  A quokka zombie (Ossuary)
  5 rats
  2 rat zombies (Ossuary)
115 creatures vanquished.

Vanquished Creatures (others)
  A plant (D:4)
  A withered plant (D:4)
2 creatures vanquished.

Grand Total: 117 creatures vanquished

Notes
Turn   | Place    | Note
--------------------------------------------------------------
     0 | D:1      | namelastname112 the Deep Elf Wizard began the quest for the Orb.
     0 | D:1      | Reached XP level 1. HP: 10/10 MP: 7/7
     0 | D:1      | epen: даже если бы ты рыцарей бы ёбнул
     0 | D:1      | epen: то тебе бы варлорд насовал
     0 | D:1      | namelastname112: в той бейли нет варлорда
    90 | D:1      | epen: разве?
   147 | D:1      | epen: орочья же
   169 | D:1      | Reached XP level 2. HP: 15/15 MP: 2/9
   233 | D:1      | namelastname112: там варриоры
   233 | D:1      | namelastname112: и один найт
   962 | D:2      | Reached XP level 3. HP: 20/20 MP: 11/11
   966 | D:2      | Learned a level 2 spell: Blink
   970 | D:2      | Learned a level 3 spell: Conjure Flame
   974 | D:2      | Learned a level 3 spell: Mephitic Cloud
   977 | D:2      | Learned a level 2 spell: Repel Missiles
  1036 | D:2      | Found a faded altar to an unknown god.
  1983 | D:3      | Reached skill level 1 in Fighting
  1983 | D:3      | Reached skill level 5 in Spellcasting
  1983 | D:3      | Reached XP level 4. HP: 16/25 MP: 13/13
  2225 | D:3      | Found an opulent altar of Gozag.
  2489 | D:4      | Found a sand-covered staircase.
  2501 | D:4      | namelastname112: блять
  2501 | D:4      | namelastname112: какой-то пидорас на улице стучит
  2501 | D:4      | namelastname112: или в подъезде
  2501 | D:4      | namelastname112: не пойму
  2501 | D:4      | namelastname112: я подумал, что в дверь
  2507 | Ossuary  | Entered an ossuary
  2763 | Ossuary  | epen: о
  2767 | Ossuary  | Reached XP level 5. HP: 29/29 MP: 14/14
  2898 | Ossuary  | epen: бля
  2901 | Ossuary  | epen: надо бы сиг купить
  3031 | Ossuary  | epen: а у меня волосы как у бомжа
  3039 | Ossuary  | namelastname112: кого ебет
  3039 | Ossuary  | namelastname112: надень капюшон
  3126 | Ossuary  | epen: во
  3180 | Ossuary  | epen: хорошая идея
  3227 | D:4      | epen: самый отсосный осуарий
  3251 | D:4      | epen: это с этим
  3251 | D:4      | epen: блять
  3251 | D:4      | epen: как их
  3251 | D:4      | namelastname112: бывает и хуже
  3320 | D:4      | epen: не
  3345 | D:4      | epen: этот хороший
  3358 | D:4      | epen: самый отсосный это ос боди как-то там
  3362 | D:4      | epen: бля
  3366 | D:4      | epen: как их зовут
  3379 | D:4      | epen: в свампах постоянно
  3381 | D:4      | namelastname112: bog body
  3537 | D:4      | epen: во
  3629 | D:4      | Noticed Menkaure
  3638 | D:4      | Killed Menkaure
  3638 | D:4      | Reached XP level 6. HP: 19/35 MP: 12/16
  3801 | D:4      | Reached skill level 5 in Conjurations
  4074 | D:4      | Found a blossoming altar of Fedhas.
  4101 | D:4      | namelastname112: мне кажется кстати
  4101 | D:4      | namelastname112: что он багованный
  4101 | D:4      | epen: сука
  4101 | D:4      | namelastname112: потому что девы ебланы
  4101 | D:4      | namelastname112: бог бади 25 дамагают
  4101 | D:4      | namelastname112: с руки
  4101 | D:4      | namelastname112: плюс фриз дамаг
  4103 | D:4      | epen: да
  4106 | D:4      | epen: бля
  4117 | D:4      | epen: ты видел этого кентавра?
  4117 | D:4      | Reached XP level 7. HP: 40/40 MP: 17/18
  4168 | D:4      | namelastname112: ну да
  4168 | D:4      | namelastname112: я его убил вот
  4168 | D:4      | namelastname112: а че
  4168 | D:4      | epen: это был неправильный кентавр
  4176 | D:4      | Found an ancient bone altar of Kikubaaqudgha.
  4176 | D:4      | Found a blossoming altar of Fedhas.
  4581 | D:4      | namelastname112: потому что с бардишем?
  4582 | D:5      | Entered Level 5 of the Dungeon
  4604 | D:5      | epen: да
  4604 | D:5      | namelastname112: опа
  4604 | D:5      | namelastname112: ЗАКАСТОВАЛСЯ
  4886 | D:5      | Found a glowing golden altar of the Shining One.
  5008 | D:5      | namelastname112: ммм
  5008 | D:5      | namelastname112: ебать
  5033 | D:5      | Reached skill level 5 in Dodging
  5036 | D:5      | namelastname112: The gnoll shaman is lightly wounded. The gnoll shaman is engulfed in noxious fumes. _You now have 4/27 mp. _Read which item? (? for menu, Esc to quit) As you read the scroll labeled QALEEME BYCAU, it crumbles to dust. You assume a fearsome visage. The gnoll looks frightened! The gnoll shaman looks frightened! The gnoll looks frightened! x5 The gnoll sergeant looks frightened! The gnoll looks frightened! It was a scroll of fear. The gnoll is engulfed in noxious fumes. The gnoll appears confused. The gnoll supplicates abjectly, "Please don't kill me!"
  5036 | D:5      | namelastname112: ой
  5036 | D:5      | namelastname112: много копирнул
  5036 | D:5      | namelastname112: The gnoll supplicates abjectly, "Please don't kill me!"
  5084 | D:5      | Killed from afar by an orc wizard

Vault maps used:
D:1:      saegor_arrival_fortress
D:2:      ecumenical_altar_1
D:3:      grunt_gozag_statues, first_bread
D:4:      grunt_temple_overflow_growth_and_decay, enter_ossuary_1,
          fedhas_bush_and_centaur_altar, uniq_menkaure
D:5:      lemuel_castle_with_subvaults, minmay_temple_entry_poolview,
          basic_altar
Ossuary:  ossuary_minmay_chase

Skill      XL: |  1  2  3  4  5  6  7 |
---------------+----------------------+-----
Conjurations   | 2 3 4 5 6 |  6.5
Fighting       | 1 2 |  2.8
Dodging        | 3 4 5 |  5.0
Spellcasting   | 5 6 |  6.7
Stealth        | |  2.4
Summonings     | |  1.1
Translocations | |  1.1

Action                   |  1- 3 |  4- 6 |  7- 9 || total
-------------------------+-------+-------+-------++-------
Melee: Rapier            |       |    13 |     2 ||    15
 Cast: Magic Dart        |   132 |   128 |    82 ||   342
       Repel Missiles    |     1 |       |       ||     1
       Conjure Flame     |       |    10 |     5 ||    15
       Blink             |       |     3 |     2 ||     5
       Mephitic Cloud    |       |     5 |    10 ||    15
  Use: Scroll            |     3 |     1 |     1 ||     5
       Potion            |       |     1 |       ||     1
  Eat: Chunk             |     3 |     1 |     4 ||     8
       Meat ration       |       |     1 |       ||     1
Armor: Robe              |     7 |    10 |     4 ||    21
       Skin              |       |     2 |       ||     2
Dodge: Dodged            |    23 |    25 |    29 ||    77
       Deflected         |       |     1 |       ||     1
